 Dungeon Crawl Stone Soup version 0.19-a0-684-gf760df0 (webtiles) character file.

490 Kenran the Firebug (level 6, 0/48 HPs)
             Began as a Draconian Fire Elementalist on June 18, 2016.
             Slain by a gnoll
             ... wielding a +1 halberd of venom
              (12 damage)
             ... on level 3 of the Dungeon.
             The game lasted 00:14:03 (4804 turns).

Kenran the Firebug (Draconian Fire Elementalist)    Turns: 4804, Time: 00:14:04

Health: 0/48       AC:  6    Str: 15    XL:     6   Next: 90%
Magic:  3/9        EV:  7    Int: 18    God:
Gold:   161        SH:  0    Dex: 11    Spells: 2 memorised, 6 levels left

rFire  . . .     SeeInvis .     m - -2 dagger (curse)
rCold  . . .     Gourm    .     (armour unavailable)
rNeg   . . .     Faith    .     (no shield)
rPois  .         Spirit   .     (helmet restricted)
rElec  .         Dismiss  .     (no cloak)
rCorr  .         Reflect  .     (no gloves)
SustAt +         Harm     .     (no boots)
MR     .....                    (no amulet)
Stlth  ++........               (no ring)
                                d - ring of sustain attributes

@: mighty, not resistant to hostile enchantments, unstealthy
A: unfitting armour, cold-blooded, AC +6
a: no special abilities


You were on level 3 of the Dungeon.
You were not hungry.

You visited 1 branch of the dungeon, and saw 3 of its levels.

You collected 161 gold pieces.

Inventory:

Hand Weapons
 c - a +0 dagger
 e - a +1 dagger of electrocution
 m - a cursed -2 dagger (weapon)
 t - a +0 spear of piercing
Magical Staves
 o - an uncursed staff of summoning {unknown}
Jewellery
 d - a ring of sustain attributes (left hand)
Scrolls
 q - a scroll of amnesia
 r - a scroll of recharging
Potions
 f - a potion of might
 g - a potion of curing {@q1}
 h - a potion of heal wounds {unknown}
 j - 3 potions of flight
 k - a potion of lignification {unknown}
 n - 2 potions of brilliance {unknown}
 p - 3 potions of cancellation
Books
 a - a book of Flames

   Spells                             Type                      Level
   a - Flame Tongue                   Conjuration/Fire             1
   b - Throw Flame                    Conjuration/Fire             2
   c - Conjure Flame                  Conjuration/Fire             3
   d - Inner Flame                    Hexes/Fire                   3
   e - Sticky Flame                   Conjuration/Fire             4
   f - Fireball                       Conjuration/Fire             5
Comestibles
 b - 4 bread rations {@e1}
 l - a beef jerky {@e2}
 s - a meat ration {@e1}


   Skills:
 + Level 1.6 Fighting
 - Level 1.7 Dodging
 - Level 1.7 Stealth
 - Level 2.0 Spellcasting
 - Level 4.0 Conjurations
 - Level 6.4 Fire Magic


You had 6 spell levels left.
You knew the following spells:

 Your Spells              Type           Power        Failure   Level  Hunger
a - Flame Tongue          Conj/Fire      ###..        1%          1    #......
b - Throw Flame           Conj/Fire      ###...       3%          2    ###....


Dungeon Overview and Level Annotations

Branches:
Dungeon (3/15)

Altars:


Innate Abilities, Weirdness & Mutations

Your plain brown scales are hard. (AC +6)
Your body does not fit into most forms of armour.
You are cold-blooded and may be slowed by cold attacks.


Message History

You feel better.
The gnoll hits you from afar with a halberd of venom.
* * * LOW HITPOINT WARNING * * *
You are lethally poisoned!
The gnoll hits you with a spear.
* * * LOW HITPOINT WARNING * * *
You feel better. The gnoll completely misses you. The gnoll misses you.
You feel very mighty all of a sudden. The gnoll hits you but does no damage.
The gnoll barely misses you.
You puncture the gnoll!
Your tail-slap misses the gnoll.
The gnoll is severely wounded.
The gnoll barely misses you. x2
You puncture the gnoll!
You kill the gnoll!
You see here a spear.
Okay, then.
You see here a whip.
There is a stone staircase leading down here.
The gnoll hits you from afar with a halberd of venom!
You die...

.....#.#.#.#.#.#.# #.......##.#
#.#..#.#.......#.# #.......##.#
.....#...#.#.#.#.# #.......##.#
#.#..#.........#.# ####...###.#
.....#.#.#.#.#.#.# #...# #.#
#.#..#.#.......#.########..)###.#
.....#...........g.)....).....#.#
.....##########..#######......#.#
##'#....).......@# #.).#......'.#
#.############### #.#.#.#....#.#
#)# #g#.#.#....### #.#
#g#g#.#....# ##.# #.#.#.########
...# #.)).......... ####
########.####### ................
≈≈≈≈≈≈....≈≈≈≈≈≈


You could see a gnoll.

Vanquished Creatures
  The ghost of clown the Sneak, an amateur VSEn (D:3)
  An ogre (D:3)
  A worker ant zombie (D:3)
  12 gnolls (D:3)
  6 adders
  An ooze (D:1)
  2 worms (D:3)
  4 dart slugs
  2 giant geckos
  4 orcs (D:3)
  A giant cockroach (D:2)
  11 goblins
  3 hobgoblins
  20 jackals
  4 quokkas
  A ball python (D:2)
  9 bats
  6 giant newts
  12 kobolds
  14 rats
115 creatures vanquished.

Notes
Turn   | Place    | Note
--------------------------------------------------------------
     0 | D:1      | Kenran the Draconian Fire Elementalist began the quest for the Orb.
     0 | D:1      | Reached XP level 1. HP: 14/14 MP: 3/3
   328 | D:1      | Reached XP level 2. HP: 20/20 MP: 5/5
   715 | D:1      | Learned a level 2 spell: Throw Flame
   885 | D:1      | Reached XP level 3. HP: 26/26 MP: 6/6
  1821 | D:2      | Reached XP level 4. HP: 28/33 MP: 1/7
  1933 | D:2      | Reached skill level 4 in Fire Magic
  2609 | D:3      | Noticed an ogre
  3214 | D:3      | Killed an ogre
  3214 | D:3      | Reached skill level 5 in Fire Magic
  3214 | D:3      | Reached XP level 5. HP: 38/38 MP: 1/8
  3814 | D:3      | Noticed clown's ghost (amateur VSEn)
  3824 | D:3      | Killed clown's ghost
  3824 | D:3      | Reached skill level 6 in Fire Magic
  3824 | D:3      | Reached XP level 6. HP: 44/45 MP: 3/9
  4694 | D:3      | Reached skill level 1 in Fighting
  4804 | D:3      | Slain by a gnoll

Vault maps used:
D:1:      minmay_arrival_jagged, due_unseen_surprise
D:2:      minmay_door_path, first_bread, hex_intersection
D:3:      lemuel_castle_with_subvaults, serial_glass, glass_columns_b,
          glass_columns_c, hangedman_abyss_or_decor_stabs

Skill      XL: |  1  2  3  4  5  6 |
---------------+-------------------+-----
Conjurations   | 2 3 4 |  4.0
Fire Magic     | 5 6 |  6.4
Fighting       | 1 |  1.6
Dodging        | |  1.7
Stealth        | |  1.7
Spellcasting   | |  2.0

Action                   |  1- 3 |  4- 6 || total
-------------------------+-------+-------++-------
Melee: Unarmed           |    15 |       ||    15
       Dagger            |    81 |    73 ||   154
       Tailslap          |    11 |    10 ||    21
 Cast: Flame Tongue      |    62 |   154 ||   216
       Throw Flame       |     3 |     6 ||     9
  Use: Scroll            |     7 |     3 ||    10
       Potion            |       |     3 ||     3
 Stab: Distracted        |       |     1 ||     1
       Sleeping          |       |     1 ||     1
  Eat: Chunk             |     4 |    12 ||    16
Armor: Skin              |    59 |    38 ||    97
Dodge: Dodged            |    91 |   103 ||   194
